Workbook

Sheet Matières Premières
A1: 🍕 TENTAZIONE — MATIÈRES PREMIÈRES
A2: Référentiel des coûts d'achat — Tous les prix en F XPF
A4: # | B4: INGRÉDIENT | C4: PRIX ACHAT (F) | D4: UNITÉ | E4: QTÉ / ACHAT | F4: COÛT UNITAIRE (F)
A5: 1 | B5: Farine T00 (sac 25kg) | C5: 4500 | D5: kg | E5: 25 | F5: =IF(E5>0,C5/E5,0) -> 180
A6: 2 | B6: Mozzarella Fior di Latte | C6: 2800 | D6: kg | E6: 1 | F6: =IF(E6>0,C6/E6,0) -> 2800
A7: 3 | B7: Sauce Tomate San Marzano (2.5kg) | C7: 1200 | D7: kg | E7: 2.5 | F7: =IF(E7>0,C7/E7,0) -> 480
A8: 4 | B8: Huile d'olive extra vierge (5L) | C8: 3500 | D8: L | E8: 5 | F8: =IF(E8>0,C8/E8,0) -> 700
A9: 5 | B9: Jambon de Parme 24 mois | C9: 6800 | D9: kg | E9: 1 | F9: =IF(E9>0,C9/E9,0) -> 6800
A10: 6 | B10: Pepperoni importé | C10: 3200 | D10: kg | E10: 1 | F10: =IF(E10>0,C10/E10,0) -> 3200
A11: 7 | B11: Champignons frais | C11: 1400 | D11: kg | E11: 1 | F11: =IF(E11>0,C11/E11,0) -> 1400
A12: 8 | B12: Poivrons tricolores | C12: 800 | D12: kg | E12: 1 | F12: =IF(E12>0,C12/E12,0) -> 800
A13: 9 | B13: Oignons rouges | C13: 350 | D13: kg | E13: 1 | F13: =IF(E13>0,C13/E13,0) -> 350
A14: 10 | B14: Olives noires Kalamata | C14: 2200 | D14: kg | E14: 1 | F14: =IF(E14>0,C14/E14,0) -> 2200
A15: 11 | B15: Basilic frais (botte) | C15: 500 | D15: sachet | E15: 1 | F15: =IF(E15>0,C15/E15,0) -> 500
A16: 12 | B16: Gorgonzola DOP | C16: 4500 | D16: kg | E16: 1 | F16: =IF(E16>0,C16/E16,0) -> 4500
... A40: 36 | B40: Emballage Click&Collect (x50) | C40: 4200 | D40: boîte | E40: 50 | F40: =IF(E40>0,C40/E40,0) -> 84
B41: TOTAL INGRÉDIENTS | C41: =SUM(C5:C40) -> 105000 | F41: =AVERAGE(F5:F40) -> 2350.8056
A43: 💡 Cellules en JAUNE = valeurs modifiables (prix d'achat, quantités). Les coûts unitaires se recalculent automatiquement.

Sheet Simulateur Recettes
A1: 🍕 TENTAZIONE — SIMULATEUR DE RECETTES
A2: Composez votre recette et calculez le coût de revient, la marge et le food cost
A4: NOM DE LA PIZZA | B4: LA MARGHERITA | F4: PRIX DE VENTE (F) | G4: 1890
A6: # | B6: INGRÉDIENT | C6: QTÉ UTILISÉE | D6: UNITÉ | E6: COÛT UNITAIRE (F) | F6: COÛT LIGNE (F)
A7: 1 | B7: Farine T00 | C7: 0.25 | D7: kg | E7: ='Matières Premières'!F5 -> 180 | F7: =C7*E7 -> 45
A8: 2 | B8: Sauce Tomate San Marzano | C8: 0.12 | D8: kg | E8: ='Matières Premières'!F7 -> 480 | F8: =C8*E8 -> 57.6
A9: 3 | B9: Mozzarella Fior di Latte | C9: 0.18 | D9: kg | E9: ='Matières Premières'!F6 -> 2800 | F9: =C9*E9 -> 504
A10: 4 | B10: Huile d'olive extra vierge | C10: 0.015 | D10: L | E10: ='Matières Premières'!F8 -> 700 | F10: =C10*E10 -> 10.5
A11: 5 | B11: Basilic frais | C11: 0.1 | D11: sachet | E11: ='Matières Premières'!F15 -> 500 | F11: =C11*E11 -> 50
A12: 6 | B12: Levure fraîche | C12: 0.1 | D12: sachet | E12: ='Matières Premières'!F26 -> 250 | F12: =C12*E12 -> 25
A13: 7 | B13: Sel fin | C13: 0.008 | D13: kg | E13: ='Matières Premières'!F27 -> 180 | F13: =C13*E13 -> 1.44
A14: 8 | B14: Boîte pizza carton | C14: 1 | D14: boîte | E14: ='Matières Premières'!F39 -> 85 | F14: =C14*E14 -> 85
A15: 9 | F15: =IF(C15>0,C15*E15,0) -> 0
A16: 10 | F16: =IF(C16>0,C16*E16,0) -> 0
A17: 11 | F17: =IF(C17>0,C17*E17,0) -> 0
A18: 12 | F18: =IF(C18>0,C18*E18,0) -> 0
A19: 13 | F19: =IF(C19>0,C19*E19,0) -> 0
A20: 14 | F20: =IF(C20>0,C20*E20,0) -> 0
A21: 15 | F21: =IF(C21>0,C21*E21,0) -> 0
A22: 16 | F22: =IF(C22>0,C22*E22,0) -> 0
A23: 17 | F23: =IF(C23>0,C23*E23,0) -> 0
A24: 18 | F24: =IF(C24>0,C24*E24,0) -> 0
A25: 19 | F25: =IF(C25>0,C25*E25,0) -> 0
A26: 20 | F26: =IF(C26>0,C26*E26,0) -> 0
A28: 📊 RÉSULTATS
A29: COÛT MATIÈRES TOTAL | B29: =SUM(F7:F26) -> 778.54
A30: PRIX DE VENTE | B30: =G4 -> 1890
A31: MARGE BRUTE | B31: =G4-B29 -> 1111.46
A32: FOOD COST % | B32: =IF(G4>0,B29/G4,0) -> 0.41192593
A33: MULTIPLICATEUR | B33: =IF(B29>0,G4/B29,0) -> 2.4276209
A34: MARGE NETTE (après 15% charges) | B34: =B31-B31*0.15 -> 944.741
A36: 💡 REPÈRES FOOD COST PIZZERIA
A37: ✅ 20-25% | B37: Excellent — marge optimale, prix compétitif
A38: 👍 25-30% | B38: Bon — dans la norme du secteur pizzeria
A39: ⚠️ 30-35% | B39: Attention — vérifiez quantités ou prix de vente
A40: 🚨 > 35% | B40: Alerte — revoyez la recette ou augmentez le prix

Sheet Catalogue Pizzas
A1: 🍕 TENTAZIONE — CATALOGUE & MARGES
A2: Vue d'ensemble de toutes les pizzas — Coût, prix, marge, food cost
A4: # | B4: PIZZA | C4: COÛT MATIÈRES (F) | D4: PRIX VENTE (F) | E4: MARGE (F) | F4: FOOD COST % | G4: MULTIPLICATEUR | H4: STATUT
A5: 1 | B5: La Margherita | C5: 380 | D5: 1490 | E5: =D5-C5 -> 1110 | F5: =IF(D5>0,C5/D5,0) -> 0.25503356 | G5: =IF(C5>0,D5/C5,0) -> 3.9210526 | H5: =IF(F5<=0.25,"✅ OK",IF(F5<=0.3,"👍 Bon",IF(F5<=0.35,"⚠️","🚨"))) -> 👍 Bon
A6: 2 | B6: La Prosciutto | C6: 520 | D6: 1890 | E6: =D6-C6 -> 1370 | F6: =IF(D6>0,C6/D6,0) -> 0.27513228 | G6: =IF(C6>0,D6/C6,0) -> 3.6346154 | H6: =IF(F6<=0.25,"✅ OK",IF(F6<=0.3,"👍 Bon",IF(F6<=0.35,"⚠️","🚨"))) -> 👍 Bon
A7: 3 | B7: La Quattro Formaggi | C7: 580 | D7: 1890 | E7: =D7-C7 -> 1310 | F7: =IF(D7>0,C7/D7,0) -> 0.30687831 | G7: =IF(C7>0,D7/C7,0) -> 3.2586207 | H7: =IF(F7<=0.25,"✅ OK",IF(F7<=0.3,"👍 Bon",IF(F7<=0.35,"⚠️","🚨"))) -> ⚠️
A8: 4 | B8: La Diavola | C8: 450 | D8: 1790 | E8: =D8-C8 -> 1340 | F8: =IF(D8>0,C8/D8,0) -> 0.25139665 | G8: =IF(C8>0,D8/C8,0) -> 3.9777778 | H8: =IF(F8<=0.25,"✅ OK",IF(F8<=0.3,"👍 Bon",IF(F8<=0.35,"⚠️","🚨"))) -> 👍 Bon
A9: 5 | B9: La Salmone | C9: 720 | D9: 2290 | E9: =D9-C9 -> 1570 | F9: =IF(D9>0,C9/D9,0) -> 0.31441048 | G9: =IF(C9>0,D9/C9,0) -> 3.1805556 | H9: =IF(F9<=0.25,"✅ OK",IF(F9<=0.3,"👍 Bon",IF(F9<=0.35,"⚠️","🚨"))) -> ⚠️
A10: 6 | B10: La Verde | C10: 390 | D10: 1590 | E10: =D10-C10 -> 1200 | F10: =IF(D10>0,C10/D10,0) -> 0.24528302 | G10: =IF(C10>0,D10/C10,0) -> 4.0769231 | H10: =IF(F10<=0.25,"✅ OK",IF(F10<=0.3,"👍 Bon",IF(F10<=0.35,"⚠️","🚨"))) -> ✅ OK
A11: 7 | B11: La BBQ Chicken | C11: 510 | D11: 1890 | E11: =D11-C11 -> 1380 | F11: =IF(D11>0,C11/D11,0) -> 0.26984127 | G11: =IF(C11>0,D11/C11,0) -> 3.7058824 | H11: =IF(F11<=0.25,"✅ OK",IF(F11<=0.3,"👍 Bon",IF(F11<=0.35,"⚠️","🚨"))) -> 👍 Bon
A12: 8 | B12: La Pescatore | C12: 680 | D12: 2190 | E12: =D12-C12 -> 1510 | F12: =IF(D12>0,C12/D12,0) -> 0.31050228 | G12: =IF(C12>0,D12/C12,0) -> 3.2205882 | H12: =IF(F12<=0.25,"✅ OK",IF(F12<=0.3,"👍 Bon",IF(F12<=0.35,"⚠️","🚨"))) -> ⚠️
A13: 9 | B13: La Tartufo | C13: 850 | D13: 2590 | E13: =D13-C13 -> 1740 | F13: =IF(D13>0,C13/D13,0) -> 0.32818533 | G13: =IF(C13>0,D13/C13,0) -> 3.0470588 | H13: =IF(F13<=0.25,"✅ OK",IF(F13<=0.3,"👍 Bon",IF(F13<=0.35,"⚠️","🚨"))) -> ⚠️
A14: 10 | B14: La Calzone Classique | C14: 490 | D14: 1890 | E14: =D14-C14 -> 1400 | F14: =IF(D14>0,C14/D14,0) -> 0.25925926 | G14: =IF(C14>0,D14/C14,0) -> 3.8571429 | H14: =IF(F14<=0.25,"✅ OK",IF(F14<=0.3,"👍 Bon",IF(F14<=0.35,"⚠️","🚨"))) -> 👍 Bon
A15: 11 | B15: La Vegana | C15: 360 | D15: 1590 | E15: =D15-C15 -> 1230 | F15: =IF(D15>0,C15/D15,0) -> 0.22641509 | G15: =IF(C15>0,D15/C15,0) -> 4.4166667 | H15: =IF(F15<=0.25,"✅ OK",IF(F15<=0.3,"👍 Bon",IF(F15<=0.35,"⚠️","🚨"))) -> ✅ OK
A16: 12 | B16: La Tentazione | C16: 620 | D16: 2090 | E16: =D16-C16 -> 1470 | F16: =IF(D16>0,C16/D16,0) -> 0.29665072 | G16: =IF(C16>0,D16/C16,0) -> 3.3709677 | H16: =IF(F16<=0.25,"✅ OK",IF(F16<=0.3,"👍 Bon",IF(F16<=0.35,"⚠️","🚨"))) -> 👍 Bon
... A22: 18 | B22: Il Calzone Poulet | C22: 510 | D22: 1890 | E22: =D22-C22 -> 1380 | F22: =IF(D22>0,C22/D22,0) -> 0.26984127 | G22: =IF(C22>0,D22/C22,0) -> 3.7058824 | H22: =IF(F22<=0.25,"✅ OK",IF(F22<=0.3,"👍 Bon",IF(F22<=0.35,"⚠️","🚨"))) -> 👍 Bon
B23: MOYENNES / TOTAUX | C23: =AVERAGE(C5:C22) -> 512.77778 | D23: =AVERAGE(D5:D22) -> 1862.2222 | E23: =AVERAGE(E5:E22) -> 1349.4444 | F23: =AVERAGE(F5:F22) -> 0.27139723 | G23: =AVERAGE(G5:G22) -> 3.7233387

Sheet Paramètres
A1: ⚙️ PARAMÈTRES TENTAZIONE
A3: Nom du restaurant | B3: TENTAZIONE
A4: Adresse | B4: 157 Av des Départs, Apogoti, Dumbéa 98835
A5: Téléphone | B5: +687 797.282
A6: Email | B6: contact@tentazione.nc
A7: Devise | B7: F XPF
A8: TVA / TGC (%) | B8: 0%
A9: Charges fixes mensuelles (F) | B9: 500000
A10: Objectif food cost max (%) | B10: 30%
A11: Marge cible (%) | B11: 70%
A12: Nombre de pizzas/jour (estimation) | B12: 80
A13: Jours d'ouverture / mois | B13: 26
